Map: Pylon LE

Players

RedStar - Winner!

  • Race: Terran Terran
  • League: Platinum
  • Spawn Location: 5:00

LigerMaNN

  • Race: Zerg Zerg
  • League: Diamond
  • Spawn Location: 11:00

VOD

Have the link to the VOD?

Description

Time

  • Played on: July 2, 2025, 11:59 p.m.
  • Length: 14:45
Show
View Real Time Build Order
Export as new Build Order

RedStar Terran - Winner!

Build Orders: Reaper Expand 

Get SALT Encoding   

  12  0:00  SCV  
  13  0:12  SCV  
  14  0:17  Supply Depot  
  14  0:24  SCV  
  15  0:39  SCV  
  15  0:40  Barracks  
  16  0:44  Refinery  
  16  0:51  SCV  
  17  1:03  SCV  
  18  1:15  SCV  
  19  1:27  Orbital Command  
  19  1:28  Reaper  
  20  1:40  Command Center  
  20  1:49  Supply Depot  
  20  1:53  SCV  
  21  2:00  Marine  
  22  2:05  SCV  
  23  2:15  Factory  
  23  2:18  SCV  
  23  2:21  Barracks Reactor  
  24  2:30  SCV  
  25  2:42  SCV  
  26  2:49  Command Center  
  26  2:53  Orbital Command  
  26  2:56  SCV  
  27  3:00  Refinery  
  27  3:11  Barracks Tech Lab  
  27  3:14  Hellion, Starport  
  27  3:16  SCV  
  27  3:19  Hellion  
  32  3:28  SCV  
  33  3:42  SCV x2  
  33  3:44  Hellion  
  33  3:45  Hellion, Marine  
  33  3:46  Stimpack  
  40  3:55  Viking  
  42  3:57  SCV  
  42  3:58  SCV  
  42  4:02  SCV  
  45  4:06  Marine  
  45  4:09  SCV  
  47  4:14  Barracks  
  47  4:17  Barracks  
  47  4:20  SCV x2  
  49  4:26  Refinery, Supply Depot, Marine  
  49  4:28  Starport Reactor  
  50  4:31  SCV  
  50  4:32  SCV  
  50  4:37  SCV  
  53  4:38  Factory Reactor  
  53  4:43  SCV  
  53  4:44  SCV  
  53  4:45  Marine  
  56  4:48  Supply Depot  
  56  4:49  SCV  
  56  4:51  Engineering Bay x2  
  57  5:02  SCV  
  57  5:03  SCV x2  
  60  5:09  Marine  
  60  5:10  Supply Depot  
  60  5:11  Medivac x2  
  65  5:21  Supply Depot  
  65  5:23  Marine x2  
  65  5:25  Combat Shield, Terran Infantry Weapons Level 1  
  65  5:27  Marine, SCV x2  
  70  5:33  SCV  
  70  5:34  Supply Depot, Marine  
  70  5:35  Supply Depot, Marine  
  73  5:38  Terran Infantry Armor Level 1  
  73  5:47  Refinery  
  73  5:50  SCV  
  73  5:51  Marine, SCV  
  73  5:52  Marine  
  73  5:54  Marine x2  
  79  6:04  SCV x2  
  81  6:06  Barracks x2  
  81  6:08  Barracks  
  81  6:14  Armory  
  81  6:16  SCV  
  81  6:17  Marine x2  
  81  6:18  Marauder  
  86  6:19  Marine x2, Factory Tech Lab  
  86  6:24  SCV  
  89  6:30  Medivac x2  
  93  6:35  Marine x2  
  93  6:36  Marine x2  
  98  6:42  SCV  
  98  6:43  SCV  
  98  6:44  Planetary Fortress  
  100  6:47  Siege Tank  
  100  6:49  Concussive Shells  
  100  6:51  Marauder  
  100  6:53  Marine x3  
  107  6:54  Marine x2, Barracks Tech Lab  
  107  6:57  Barracks Tech Lab  
  109  7:02  Supply Depot  
  109  7:05  Supply Depot  
  109  7:06  Supply Depot  
  109  7:07  Supply Depot  
  109  7:10  SCV x2  
  109  7:12  Marine x5  
  116  7:21  Marauder, Supply Depot  
  116  7:22  Supply Depot  
  118  7:30  SCV x2  
  118  7:31  SCV  
  118  7:33  Marine  
  118  7:34  Barracks Reactor  
  122  7:37  Marine x3  
  122  7:41  Marauder x2  
  122  7:42  SCV x2  
  122  7:43  SCV  
  130  7:49  Marine  
  130  7:51  Terran Infantry Weapons Level 2, Marine, Widow Mine  
  133  7:55  Terran Infantry Armor Level 2, Marine  
  135  8:03  Marine x3  
  135  8:04  Marine  
  139  8:07  Marauder  
  139  8:09  Marine  
  139  8:11  Marine  
  143  8:12  Marine  
  114  8:21  Marine x2  
  114  8:22  Marauder  
  95  8:51  Marine x3  
  95  8:52  Marauder x2  
  95  8:55  Marine x4  
  103  8:57  Medivac x2, Widow Mine  
  100  9:12  SCV x2  
  100  9:14  Marauder  
  100  9:15  Marine x3  
  100  9:16  Command Center, Marine x2  
  100  9:17  Marauder, Barracks, Marine x2  
  111  9:18  Barracks  
  111  9:19  Supply Depot  
  111  9:21  Supply Depot  
  113  9:27  Command Center  
  113  9:33  Marine x4  
  113  9:34  Marine x2  
  113  9:35  Marine x2  
  113  9:37  Marine  
  122  9:40  Widow Mine  
  124  9:51  Marine x5  
  129  9:53  Marine x3  
  129  9:55  Medivac x2  
  129  9:56  Marauder  
  129  9:58  Drilling Claws  
  138  10:01  Widow Mine  
  138  10:04  Refinery  
  138  10:06  Barracks Tech Lab, Barracks Reactor  
  140  10:09  Marine x5  
  140  10:11  Marine x3  
  148  10:17  Marine  
  148  10:19  Supply Depot  
  149  10:22  SCV x3  
  149  10:23  Widow Mine  
  149  10:25  Marauder  
  149  10:26  Marine, Terran Infantry Weapons Level 3  
  149  10:27  Marine x2  
  159  10:29  Marauder  
  159  10:34  SCV  
  162  10:40  Marine  
  162  10:41  Marine x3  
  162  10:42  Marauder  
  168  10:43  Terran Infantry Armor Level 3  
  168  10:44  Marine x2  
  168  10:46  Marine x2  
  172  11:07  Supply Depot  
  172  11:08  Marine x5  
  172  11:09  Marauder, Marine x2  
  172  11:10  Marauder x3  
  187  11:15  Planetary Fortress  
  187  11:21  Marine, Terran Vehicle Weapons Level 1  
  187  11:22  Liberator x2  
  187  11:26  Marine x2  
  185  11:36  Marine x2  
  188  11:43  Marine x2  
  171  11:56  Marine x4  
  166  12:12  Marine x2  
  166  12:13  Marauder, Marine  
  116  12:27  Planetary Fortress  
  116  12:28  SCV x2  
  116  12:29  SCV  
  117  12:30  Marine  
  117  12:31  Marine x2  
  120  12:40  SCV  
  120  12:41  SCV x2  
  123  12:53  SCV x3  
  106  13:04  Marine x4  
  106  13:05  Marauder x2, SCV x3  
  115  13:13  Marine  
  115  13:14  Marine  
  115  13:17  SCV  
  115  13:18  Widow Mine x2  
  112  13:21  Marine  
  112  13:22  Marine x3  
  112  13:26  Marauder  
  114  13:36  Marine x3  
  114  13:39  Marine x2  
  114  13:40  Widow Mine  
  120  13:43  Command Center  
  120  13:44  SCV x3  
  120  13:47  Marauder  
  124  14:11  Marine x4  
Show
View Real Time Build Order
Export as new Build Order

LigerMaNN Zerg 

Build Orders: Hatch First 

Get SALT Encoding   

  12  0:01  Drone  
  13  0:12  Overlord  
  13  0:18  Drone  
  14  0:32  Drone x2  
  16  0:38  Drone  
  17  0:53  Hatchery  
  17  0:55  Drone  
  17  0:58  Drone  
  18  1:10  Extractor  
  17  1:14  Spawning Pool  
  17  1:17  Drone  
  17  1:20  Drone  
  18  1:28  Drone  
  19  1:43  Drone  
  20  1:52  Overlord  
  20  2:07  Queen x2  
  24  2:08  Zergling x4  
  26  2:17  Metabolic Boost  
  26  2:25  Drone  
  27  2:31  Overlord  
  26  2:46  Drone x2, Hatchery  
  26  2:47  Drone  
  28  2:54  Overlord  
  28  3:01  Drone  
  28  3:02  Drone  
  30  3:08  Queen  
  32  3:26  Drone x7  
  39  3:27  Drone  
  40  3:37  Overlord x2  
  40  3:45  Lair  
  41  3:55  Drone x2  
  41  3:56  Drone x4  
  41  3:58  Overlord  
  41  4:02  Extractor  
  44  4:11  Roach Warren  
  44  4:15  Baneling Nest  
  42  4:20  Queen  
  44  4:27  Zergling x8  
  44  4:28  Zergling x6  
  44  4:29  Zergling x2  
  52  4:34  Drone x2  
  52  4:35  Drone x2  
  56  4:51  Queen  
  58  4:53  Roach x5  
  68  5:15  Drone  
  68  5:16  Drone x5  
  74  5:32  Overlord x6  
  74  5:36  Overseer  
  73  5:50  Queen x2  
  73  5:55  Drone x3  
  73  5:56  Drone x3, Extractor  
  82  5:57  Extractor  
  82  5:59  Centrifugal Hooks  
  82  6:02  Drone x9, Evolution Chamber  
  82  6:04  Drone, Evolution Chamber  
  89  6:06  Overlord  
  89  6:10  Overlord  
  89  6:12  Drone  
  89  6:13  Drone  
  91  6:39  Zerg Melee Weapons Level 1, Zerg Ground Armor Level 1  
  91  6:43  Hydralisk Den  
  91  6:44  Drone x2  
  91  6:45  Drone, Extractor x2  
  91  6:46  Drone x3  
  94  6:50  Spore Crawler  
  94  6:52  Spore Crawler  
  94  6:53  Drone, Spore Crawler  
  93  6:54  Drone x4  
  93  7:00  Baneling  
  93  7:01  Baneling x6  
  96  7:02  Baneling  
  96  7:03  Hatchery  
  95  7:09  Hatchery  
  94  7:21  Zergling x6  
  94  7:22  Zergling x18  
  106  7:27  Muscular Augments  
  106  7:57  Zergling x26  
  119  7:58  Baneling  
  119  7:59  Baneling x22  
  119  8:00  Baneling x6  
  96  8:25  Zergling x30  
  99  8:29  Queen  
  99  8:31  Grooved Spines, Queen  
  99  8:32  Queen  
  102  8:34  Queen  
  102  8:41  Queen  
  100  8:45  Zergling x12  
  100  8:46  Zergling x2  
  101  8:50  Zerg Melee Weapons Level 2  
  101  8:54  Zerg Ground Armor Level 2  
  101  9:08  Queen  
  101  9:09  Drone  
  99  9:10  Drone x9, Infestation Pit  
  99  9:11  Drone  
  108  9:22  Overseer  
  108  9:37  Drone  
  108  9:38  Drone x4  
  113  9:40  Zergling x26  
  113  9:42  Baneling x15  
  113  9:43  Baneling x2  
  113  9:44  Baneling  
  113  9:45  Baneling x2  
  126  9:46  Baneling x2  
  126  9:47  Baneling x3  
  126  9:49  Zergling x4  
  126  9:51  Zergling x2  
  129  10:03  Hydralisk x2  
  133  10:19  Hive  
  133  10:23  Overlord x12  
  133  10:24  Overlord  
  132  10:57  Zergling x34  
  132  10:58  Zergling x14  
  132  10:59  Hydralisk  
  158  11:08  Hydralisk x6  
  170  11:22  Zergling x12  
  168  11:35  Zergling x34  
  168  11:38  Baneling  
  168  11:39  Baneling x27  
  180  11:40  Baneling x11  
  179  11:52  Zergling x18  
  187  11:59  Ultralisk Cavern  
  187  12:00  Adrenal Glands  
  115  12:23  Zergling x38  
  127  12:30  Baneling x2  
  127  12:31  Baneling x13  
  127  12:32  Baneling x2  
  127  12:34  Baneling  
  127  12:55  Zergling x28  
  126  13:00  Baneling x7  
  126  13:03  Zergling x4  
  126  13:05  Hatchery  
  124  13:09  Zergling x20  
  124  13:13  Zergling x6  
  110  13:24  Zergling x2  
  110  13:25  Zergling x12  
  95  13:36  Zergling x2  
  95  13:37  Zergling x14  
  98  13:42  Hydralisk x4  
  98  13:43  Ultralisk  
  98  13:45  Hydralisk  
  98  13:46  Ultralisk x2  
  128  13:48  Ultralisk  
  109  14:19  Zergling x16  
Tags
 
Add a new tag
Caveats
  • Supply blocks, unpowered buildings, or Contaminate may cause inaccurate times.
  • Supply counts are checked every 10 seconds.